 Dungeon Crawl Stone Soup version 0.30-a0-1124-g6e8f0f562f (webtiles) character file.

Game seed: 12675411311271295511

233 pokeman the Magician (level 5, -8/29 HPs)
             Began as a Deep Elf Hedge Wizard on Apr 23, 2023.
             Mangled by Edmund
             ... wielding a +1 heavy flail
              (21 damage)
             ... on level 4 of the Dungeon.
             The game lasted 00:07:16 (4875 turns).

pokeman the Magician (Deep Elf Hedge Wizard)        Turns: 4875, Time: 00:07:17

Health: -8/29      AC:  3    Str:  7    XL:     5   Next: 75%
Magic:  12/16      EV: 13    Int: 21    God:
Gold:   230        SH:  0    Dex: 14    Spells: 9/17 levels left

rFire   . . .        y - +2 hand axe (pain)
rCold   . . .        (no shield)
rNeg    . . .        b - +0 robe
rPois   .            l - +1 hat
rElec   .            (no cloak)
rCorr   .            (no gloves)
SInv    .            (no boots)
Will    .....        (no amulet)
Stlth   ++           (no ring)
HPRegen 0.24/turn    (no ring)
MPRegen 0.15/turn

%: no passive effects
@: no status effects
A: no striking features
a: no special abilities


You were on level 4 of the Dungeon.
You visited 1 branch of the dungeon, and saw 4 of its levels.

You collected 230 gold pieces.

Inventory:

Hand Weapons
 y - a +2 hand axe of pain (weapon)
Armour
 b - a +0 robe (worn)
 l - a +1 hat (worn)
Jewellery
 n - an amulet of guardian spirit
Scrolls
 c - a scroll of acquirement {unknown}
 e - 2 scrolls of fog {unknown}
 g - 3 scrolls of magic mapping {unknown}
 i - 4 scrolls of identify {unknown}
 k - a scroll of enchant armour {unknown}
 q - a scroll of noise {unknown}
 r - 3 scrolls of vulnerability {unknown}
 s - a scroll of amnesia {unknown}
 u - 2 scrolls of teleportation {unknown}
 w - a scroll of blinking {unknown}
Potions
 d - a potion of magic
 f - a potion of resistance {unknown}
 h - 3 potions of heal wounds
 j - 2 potions of curing {unknown}
 m - a potion of lignification {unknown}
 o - a potion of attraction {unknown}
 p - a potion of invisibility {unknown}
 t - a potion of mutation {unknown}
 v - a potion of might {unknown}
 x - a potion of flight {unknown}


   Skills:
 + Level 1.1 Fighting
 - Level 1.0 Armour
 - Level 3.0 Dodging
 - Level 3.0 Stealth
 * Level 6.5 Spellcasting
 + Level 2.9 Conjurations
 + Level 1.2 Summonings
 + Level 0.0 Necromancy
 - Level 1.1 Translocations
 - Level 1.0 Air Magic
 - Level 1.1 Poison Magic


You had 9 spell levels left.
You knew the following spells:

 Your Spells              Type           Power      Damage    Failure   Level
a - Magic Dart            Conj           76%        1d6       2%          1
b - Mephitic Cloud        Conj/Pois/Air  13%        N/A       14%         3
c - Call Imp              Summ           22%        N/A       9%          2
d - Blink                 Tloc           22%        N/A       9%          2

Your spell library contained the following spells:

 Spells                   Type           Power      Damage    Failure   Level
 Slow                     Hex            24%        N/A       10%         1
 Cigotuvi's Dreadful Rot  Necr/Pois/Air  18%        N/A       11%         2
 Passage of Golubria      Tloc           11%        N/A       52%         4
 Silence                  Hex/Air        4%         N/A       91%         5
 Lehudib's Crystal Spear  Conj/Erth      6%         10d3      100%        8


Dungeon Overview and Level Annotations

Branches:
Dungeon (4/15)
 Temple: D:4-7

Altars:

Annotations:
D:4 Edmund


Message History

You blink.
You feel stable enough to blink again.
Casting: Blink (safe; 9% risk of failure)
Confirm with . or Enter, or press ? or * to list all spells.
The spell is quite dangerous to miscast (14% risk of failure)!
Continue anyway?
Aiming: Mephitic Cloud (quite dangerous; 14% risk of failure)
Press: ? - help, Shift-Dir - straight line, f - Edmund
Aim: Edmund, wielding a +1 heavy flail and wearing a +0 scale mail (lightly wounded, chance to affect: 81%)
The ball explodes into a vile cloud!
The stinking cloud engulfs Edmund but does no damage.
Edmund is lightly wounded.
Edmund is engulfed in noxious fumes.
Edmund appears confused.
Unknown command.
Casting: Mephitic Cloud (quite dangerous; 14% risk of failure)
Confirm with . or Enter, or press ? or * to list all spells.
A tiny devil pulls itself out of the air.
Edmund is engulfed in noxious fumes.
Edmund appears confused.
Edmund is engulfed in noxious fumes.
Edmund appears confused.
Edmund laughs crazily.
You hit Edmund.
Edmund is lightly wounded.
Edmund misses you.
Your cerulean imp barely misses Edmund.
You strike the helpless Edmund from behind!
You hit Edmund but do no damage.
Edmund is lightly wounded.
Your cerulean imp hits Edmund but does no damage.
Edmund hits you with a +1 heavy flail!
Ouch! That really hurt!
You catch the helpless Edmund completely off-guard!
You hit Edmund.
Edmund is moderately wounded.
Your cerulean imp closely misses Edmund.
Edmund closely misses you.
Your cerulean imp hits Edmund but does no damage.
You hit Edmund but do no damage.
Edmund is moderately wounded.
Your cerulean imp hits Edmund from afar with a -3 spear.
Edmund hits you with a +1 heavy flail!!
Ouch! That really hurt!
You die...

###.......###.# ######..
##..........#..# ####.......
##..............# ####..........
##...............# #.............
#.............#.## ##............
..............#.# #............
.............#..# ##...........
............##.5#######..........
...........###..@...>............
..........####.@....####.......##
.........##........## ##.....##
....................## ##..###
.....................## ####
#########.............## #
##.............##
##.............# #.............#


You could see Edmund (confused, ally target) and a friendly cerulean imp
(summoned).

Vanquished Creatures
  An iguana (D:4)
  An orc wizard (D:3)
  7 adders
  An ufetubus (D:4)
  4 dart slugs
  7 orcs
  9 endoplasms
  6 giant cockroaches
  9 hobgoblins
  12 jackals
  3 kobolds
  6 quokkas
  9 ball pythons
  2 bats (D:1)
  2 frilled lizards
  4 goblins
  8 rats
91 creatures vanquished.

Vanquished Creatures (collateral kills)
  A worm (D:2)
1 creature vanquished.

Grand Total: 92 creatures vanquished

Notes
Turn   | Place    | Note
-------+----------+-------------------------------------------
     0 | D:1      | pokeman the Deep Elf Hedge Wizard began the quest for the
                  | Orb.
     0 | D:1      | Reached XP level 1. HP: 10/10 MP: 7/7
   165 | D:1      | Reached XP level 2. HP: 9/16 MP: 1/9
   554 | D:1      | Reached skill level 5 in Spellcasting
   774 | D:1      | Reached XP level 3. HP: 20/20 MP: 8/11
   778 | D:1      | Learned a level 3 spell: Mephitic Cloud
   781 | D:1      | Learned a level 2 spell: Call Imp
   784 | D:1      | Learned a level 2 spell: Blink
  1355 | D:1      | Reached skill level 1 in Fighting
  1355 | D:1      | Reached skill level 1 in Armour
  1921 | D:2      | Reached XP level 4. HP: 25/25 MP: 10/13
  3010 | D:3      | Reached skill level 6 in Spellcasting
  3304 | D:3      | Reached XP level 5. HP: 29/29 MP: 6/15
  3791 | D:4      | Reached skill level 1 in Poison Magic
  3903 | D:4      | Reached skill level 1 in Air Magic
  4660 | D:4      | Noticed Edmund
  4875 | D:4      | Mangled by Edmund

Illustrated notes

Levels and vault maps discovered:
D:1:      nzn_arrival_water_spiral, layout_loops_cross
D:2:      layout_basic, grunt_decor_mini_mirrors, kennysheep_flooded_box,
          st_stairs_9
D:3:      layout_basic
D:4:      layout_cave_pods, minmay_quadrilaterals, uniq_edmund

Skill      XL: |  1  2  3  4  5 |
---------------+----------------+-----
Spellcasting   | 5 6 |  6.5
Fighting       | 1 |  1.1
Armour         | 1 |  1.0
Conjurations   | 2 |  2.9
Stealth        | 3 |  3.0
Dodging        | 3 |  3.0
Poison Magic   | 1 |  1.1
Air Magic      | 1 |  1.0
Summonings     | |  1.2
Translocations | |  1.1

Action                     |  1- 3 |  4- 6 || total
---------------------------+-------+-------++-------
  Melee: Dagger            |    33 |     5 ||    38
         Hand axe          |       |    12 ||    12
   Cast: Magic Dart        |   124 |   113 ||   237
         Call Imp          |       |     5 ||     5
         Mephitic Cloud    |       |     5 ||     5
         Blink             |       |     1 ||     1
   Stab: Sleeping          |     1 |       ||     1
         Confused          |       |     2 ||     2
 Armour: Robe              |    12 |     5 ||    17
  Dodge: Dodged            |    45 |    17 ||    62

Table legend: (Time is in decaauts)
 A = Elapsed time spent in this place.
 B = Non-inter-level travel time spent in this place.
 C = Inter-level travel time spent in this place.
 D = Time resting spent in this place.
 E = Time spent auto-exploring this place.
 F = Levels seen in this place.
 G = Mean time per level.
                   A        B        C        D        E       F      G
               +--------+--------+--------+--------+--------+-----+--------+
         Total |   4882 |   4832 |     50 |     77 |   4193 |   4 | 1220.5 |
       Dungeon |   4882 |   4832 |     50 |     77 |   4193 |   4 | 1220.5 |
               +--------+--------+--------+--------+--------+-----+--------+

Top non-repeatable levels by time:
     D:1: 1489 daAuts
     D:4: 1240 daAuts
     D:3: 1158 daAuts
     D:2: 994 daAuts
